 Dungeon Crawl Stone Soup version 0.31-a0-175-g9f7f995f2b (webtiles) character file.

Game seed: 12685292735648879063

473 qw the Chopper (level 7, -5/43 HPs)
             Began as a Gargoyle Fighter on June 16, 2023.
             Slain by an ogre
             ... wielding a +0 giant club
              (17 damage)
             ... on level 5 of the Dungeon.
             The game lasted 00:01:54 (3351 turns).

qw the Chopper (Gargoyle Fighter)                   Turns: 3351, Time: 00:01:55

Health: -5/43      AC: 16    Str: 22    XL:     7   Next: 10%
Magic:  7/7        EV:  8    Int:  8    God:
Gold:   146        SH:  4    Dex:  9    Spells: 6/6 levels left

rFire   . . .        Y - +2 war axe
rCold   . . .        c - +0 buckler
rNeg    + . .        o - +0 chain mail
rPois   inf          n - +1 helmet
rElec   +            (no cloak)
rCorr   .            (no gloves)
SInv    +            (no boots)
Will    .....        j - amulet of regeneration Stlth
                     b - ring of see invisible
HPRegen 1.07/turn    (no ring)
MPRegen 0.10/turn

%: no passive effects
@: no status effects
A: sickness immunity, AC +4, negative energy resistance 1, electricity
resistance, torment resistance 1, petrification resistance
a: no special abilities


You were on level 5 of the Dungeon.
You visited 1 branch of the dungeon, and saw 5 of its levels.

You collected 279 gold pieces.
You spent 133 gold pieces at shops.


Innate Abilities, Weirdness & Mutations

You are immune to sickness and miasma.
Your stone body is resilient. (AC +4)
You are immune to poison.
You resist negative energy. (rN+)
You are resistant to electric shocks. (rElec)
You are resistant to unholy torment.
You are immune to petrification.


   Skills:
 - Level 4.0 Fighting
 + Level 6.3 Axes
 - Level 3.2 Armour
 - Level 1.1 Dodging
 - Level 3.2 Shields


You had 6 spell levels left.
You didn't know any spells.
Your spell library was empty.

Inventory:

Hand Weapons
 a - a +0 flail
 Y - a +2 war axe (weapon)
Armour
 c - a +0 buckler (worn)
 h - a +0 plate armour
 n - a +1 helmet (worn)
 o - a +0 chain mail (worn)
Jewellery
 b - a ring of see invisible (left hand)
 g - a +6 ring of dexterity
 j - an amulet of regeneration (around neck)
Scrolls
 m - a scroll of identify
Potions
 d - 2 potions of might
 e - 2 potions of heal wounds
 f - 3 potions of curing
 k - a potion of attraction {unknown}

Dungeon Overview and Level Annotations

Branches:
Dungeon (5/15)
 Temple: D:4-7

Altars:

Shops:
D:2 ?   D:3 [   D:4 *


Message History

You barely miss the jelly.
The jelly is heavily wounded.
The jelly hits you but does no damage.
You hit the jelly.
Your hands burn!
The jelly is severely wounded.
The jelly hits you. The acid corrodes you!
You are splashed with acid!
The jelly misses you.
You slash the jelly!
You kill the jelly!
You start resting.
HP restored.
You start waiting.
You are no longer corroded.
You hear a distant slurping noise.
You hear the slow rusting of a drain very nearby. x2
Done waiting.
You hear the slow rusting of a drain nearby.
g - a +6 ring of dexterity
h - a +0 plate armour
Found a rapier.
You hear the slow rusting of a drain very nearby.
Found a dagger.
Found a stone staircase leading down.
Enter note:
Enter note:
There is a stone staircase leading down here.
You hear a distant slurping noise.
An ogre comes into view. It is wielding a +0 giant club.
The ogre shouts!
Enter note:
Enter note: You closely miss the ogre.
You hear the rusting of a distant drain.
The ogre hits you with a +0 giant club!
You closely miss the ogre.
The ogre hits you with a +0 giant club!!
You hit the ogre.
The ogre is moderately wounded.
The ogre hits you with a +0 giant club!
You die...

#
#####.##################
......O@................
#####.##################
.. ... ... ##


You could see an ogre.

Vanquished Creatures
  A black bear (D:4)
  A jelly (D:5)
  An iguana (D:5)
  Jessica (D:2)
  Natasha (thrice) (D:2)
  8 gnolls
  5 adders
  4 worms
  2 dart slugs
  3 orcs
  7 endoplasms
  5 giant cockroaches
  6 goblins
  12 hobgoblins
  10 kobolds
  A quokka (D:1)
  6 ball pythons
  4 bats
  5 frilled lizards
  4 rats (D:1)
89 creatures vanquished.

Notes
Turn   | Place    | Note
-------+----------+-------------------------------------------
     0 | D:1      | qw the Gargoyle Fighter began the quest for the Orb.
     0 | D:1      | Reached XP level 1. HP: 14/14 MP: 1/1
     0 | D:1      | 0 ||| qw: Version: 0.2-a-29-g511e9b1
     0 | D:1      | 0 ||| qw: Game counter: 88
     0 | D:1      | 0 ||| qw: Always use a shield: true
     0 | D:1      | 0 ||| qw: God list: Okawaru
     0 | D:1      | 0 ||| qw: Allow faded altars: false
     0 | D:1      | 0 ||| qw: Do Orc after D:15 true
     0 | D:1      | 0 ||| qw: Do second Lair branch before Depths: true
     0 | D:1      | 0 ||| qw: Lair rune preference: random
     0 | D:1      | 0 ||| qw: Plans: Normal, Zot:1-4, Slime:5, God:TSO, Crypt,
                  | Tomb, Abyss, Pan, Hells, Win
     0 | D:1      | 0 ||| PLANNING D:1-11
    35 | D:1      | 35 ||| Stepping ~*~*~tactically~*~*~ (hiding).
    41 | D:1      | Reached skill level 2 in Axes
    41 | D:1      | 41 ||| Stepping ~*~*~tactically~*~*~ (stealth).
    69 | D:1      | Reached XP level 2. HP: 19/19 MP: 2/2
   283 | D:1      | Found a faded altar of an unknown god.
   292 | D:1      | 292 ||| Stepping ~*~*~tactically~*~*~ (stealth).
   304 | D:1      | Reached skill level 3 in Axes
   322 | D:1      | Reached XP level 3. HP: 23/23 MP: 3/3
   323 | D:1      | 323 ||| Stepping ~*~*~tactically~*~*~ (stealth).
   340 | D:1      | 340 ||| Stepping ~*~*~tactically~*~*~ (stealth).
   341 | D:1      | 341 ||| Stepping ~*~*~tactically~*~*~ (stealth).
   755 | D:1      | 755 ||| READING scroll labelled LEXTAL TUANYQI.
   756 | D:1      | 756 ||| DRINKING 2 fuming sapphire potions.
   835 | D:2      | 835 ||| Stepping ~*~*~tactically~*~*~ (hiding).
   836 | D:2      | 836 ||| Stepping ~*~*~tactically~*~*~ (hiding).
   881 | D:2      | Noticed Jessica
   882 | D:2      | 882 ||| Stepping ~*~*~tactically~*~*~ (hiding).
   889 | D:2      | Killed Jessica
   890 | D:2      | Reached skill level 4 in Axes
   890 | D:2      | Reached XP level 4. HP: 21/28 MP: 4/4
   907 | D:2      | Noticed Natasha
   928 | D:2      | Killed Natasha
   955 | D:2      | Noticed Natasha
   967 | D:2      | Killed Natasha
   968 | D:2      | Reached XP level 5. HP: 29/32 MP: 5/5
   990 | D:2      | Noticed Natasha
   991 | D:2      | 991 ||| Stepping ~*~*~tactically~*~*~ (stealth).
   993 | D:2      | 993 ||| Stepping ~*~*~tactically~*~*~ (stealth).
   996 | D:2      | 996 ||| Stepping ~*~*~tactically~*~*~ (stealth).
  1003 | D:2      | HP: 7/32 [Natasha/magic dart (8)]
  1004 | D:2      | Killed Natasha
  1130 | D:2      | Reached skill level 5 in Axes
  1148 | D:2      | 1148 ||| Stepping ~*~*~tactically~*~*~ (hiding).
  1149 | D:2      | 1149 ||| Stepping ~*~*~tactically~*~*~ (hiding).
  1267 | D:2      | 1267 ||| DROPPING -1 whip.
  1503 | D:2      | Found Roqu's Magic Scroll Shoppe.
  1506 | D:2      | 1506 ||| BUYING 2 scrolls of identify (44 gold).
  1506 | D:2      | Bought 2 scrolls of identify for 44 gold pieces
  1506 | D:2      | 1506 ||| SHOPLISTING scroll of enchant weapon (82 gold,
                  | have 65).
  1506 | D:2      | 1506 ||| BUYING scroll of identify (22 gold).
  1506 | D:2      | Bought a scroll of identify for 22 gold pieces
  1506 | D:2      | 1506 ||| BUYING scroll of identify (22 gold).
  1506 | D:2      | Bought a scroll of identify for 22 gold pieces
  1506 | D:2      | 1506 ||| SHOPLISTING scroll of identify (22 gold, have 21).
  1506 | D:2      | 1506 ||| SHOPLISTING scroll of teleportation (33 gold, have
                  | 21).
  1674 | D:2      | 1674 ||| UPGRADING to amulet of regeneration.
  1679 | D:2      | 1679 ||| READING scroll labelled BUNKAIKAOG.
  1680 | D:2      | 1680 ||| READING 2 scrolls labelled XUASTEG YTU.
  1681 | D:2      | 1681 ||| READING scroll of enchant weapon.
  1681 | D:2      | 1681 ||| ENCHANTING +1 war axe.
  1682 | D:2      | 1682 ||| READING 2 scrolls labelled XIVYAJ WECLA.
  1683 | D:2      | 1683 ||| READING 4 scrolls of identify.
  1683 | D:2      | 1683 ||| IDENTIFYING dark potion
  1684 | D:2      | 1684 ||| READING 3 scrolls of identify.
  1684 | D:2      | 1684 ||| IDENTIFYING golden potion
  1685 | D:2      | 1685 ||| DROPPING potion of enlightenment.
  1720 | D:3      | 1720 ||| Stepping ~*~*~tactically~*~*~ (hiding).
  1721 | D:3      | 1721 ||| Stepping ~*~*~tactically~*~*~ (hiding).
  1732 | D:3      | 1732 ||| Stepping ~*~*~tactically~*~*~ (stealth).
  1736 | D:3      | 1736 ||| Stepping ~*~*~tactically~*~*~ (stealth).
  1739 | D:3      | 1739 ||| Stepping ~*~*~tactically~*~*~ (hiding).
  1752 | D:3      | 1752 ||| DROPPING +0 mace.
  1930 | D:3      | 1930 ||| Stepping ~*~*~tactically~*~*~ (stealth).
  1962 | D:3      | 1962 ||| Stepping ~*~*~tactically~*~*~ (hiding).
  1972 | D:3      | Reached XP level 6. HP: 38/38 MP: 6/6
  1974 | D:3      | Reached skill level 1 in Dodging
  1980 | D:3      | HP: 9/38 [gnoll/+0 flail (4)]
  1981 | D:3      | 1981 ||| DRINKING 2 potions of heal wounds.
  2305 | D:3      | Found Lihi's Armour Boutique.
  2309 | D:3      | 2309 ||| BUYING +0 chain mail (45 gold).
  2309 | D:3      | Bought a +0 chain mail for 45 gold pieces
  2422 | D:3      | 2422 ||| DROPPING +2 leather armour of cold resistance.
  2423 | D:3      | 2423 ||| UPGRADING to +0 helmet.
  2428 | D:3      | 2428 ||| UPGRADING to +0 chain mail.
  2438 | D:3      | 2438 ||| DROPPING +0 scale mail.
  2439 | D:3      | 2439 ||| READING scroll of enchant armour.
  2439 | D:3      | 2439 ||| ENCHANTING +0 helmet.
  2440 | D:3      | 2440 ||| READING scroll labelled QEPIAF ZINEHA.
  2441 | D:3      | 2441 ||| READING scroll labelled KIPLUNOYVY.
  2442 | D:3      | 2442 ||| READING 2 scrolls of identify.
  2442 | D:3      | 2442 ||| IDENTIFYING bubbling brown potion
  2443 | D:3      | 2443 ||| DROPPING potion of degeneration.
  2844 | D:4      | Noticed a black bear
  2857 | D:4      | Killed a black bear
  3007 | D:4      | Found Nuaj's Elemental Accessories.
  3031 | D:4      | 3031 ||| UPGRADING to ring of see invisible.
  3048 | D:5      | Entered Level 5 of the Dungeon
  3049 | D:5      | 3049 ||| PLANNING SEWER
  3056 | D:5      | Reached skill level 6 in Axes
  3096 | D:5      | Reached XP level 7. HP: 36/43 MP: 7/7
  3351 | D:5      | Slain by an ogre

Levels and vault maps discovered:
D:1:      dpeg_arrival_tiny_a, layout_loops_ring, ebering_ecumenical_altar_rust
D:2:      layout_basic, serial_shops, shop, uniq_natasha, uniq_jessica
D:3:      layout_loops_ring, serial_shops, shop
D:4:      layout_basic, nicolae_elemental_shop
D:5:      layout_basic, zin_purify, makhleb_heckhound_becter,
          cheibrodos_sewer_entry_drain, uniq_grinder

Skill      XL: |  1  2  3  4  5  6 |
---------------+-------------------+-----
Axes           | 2 3 4 5 6 |  6.3
Fighting       | 4 |  4.0
Dodging        | 1 |  1.1
Armour         | |  3.2
Shields        | |  3.2

Action                     |  1- 3 |  4- 6 |  7- 9 || total
---------------------------+-------+-------+-------++-------
  Melee: War axe           |   114 |   191 |     9 ||   314
    Use: Scroll            |     1 |    10 |       ||    11
         Potion            |     1 |     1 |       ||     2
 Armour: Scale mail        |    64 |    67 |       ||   131
         Skin              |       |     3 |       ||     3
         Chain mail        |       |    30 |     2 ||    32
  Dodge: Dodged            |    43 |    80 |     4 ||   127
  Block: Buckler           |    19 |    41 |       ||    60

Table legend:
 A = Non-vault XP
 B = Vault XP
 C = Vault XP percentage of total XP
 D = Non-vault monster count
 E = Vault monster count
 F = Vault count percentage of total count
                 A         B        C        D         E       F
            +---------+---------+-------+---------+---------+-------
      Total |     602 |      74 |  10.9 |      87 |       2 |   2.2
            +---------+---------+-------+---------+---------+-------
        D:1 |      62 |       0 |   0.0 |      30 |       0 |   0.0
        D:2 |     111 |      74 |  40.0 |      11 |       2 |  15.4
        D:3 |     163 |       0 |   0.0 |      25 |       0 |   0.0
        D:4 |     171 |       0 |   0.0 |      18 |       0 |   0.0
        D:5 |      95 |       0 |   0.0 |       3 |       0 |   0.0
            +---------+---------+-------+---------+---------+-------
